 Dungeon Crawl Stone Soup version 0.27-a0-1191-g601b473118 (webtiles) character file.

Game seed: 7792146887366113148

128336 Mesmaeker13 the Tortoise (level 16, -9/158 HPs)
             Began as a Deep Dwarf Hunter on May 24, 2021.
             Was a High Priest of Makhleb.
             Killed from afar by Nikola (23 damage)
             ... with a chain lightning
             ... on level 4 of the Spider Nest.
             The game lasted 01:27:57 (29382 turns).

Mesmaeker13 the Tortoise (Deep Dwarf Hunter)       Turns: 29382, Time: 01:27:58

Health: -9/158     AC: 28    Str: 21    XL:     16   Next: 48%
Magic:  14/14      EV: 25    Int: 13    God:    Makhleb [*****.]
Gold:   3361       SH:  0    Dex: 14    Spells: 12/15 levels left

rFire    . . .     SeeInvis +   u - +11 plutonium sword {Contam Stlth-}
rCold    + . .     Faith    .   (shield currently unavailable)
rNeg     + . .     Spirit   .   M - +2 chain mail {rC+}
rPois    +         Reflect  .   m - +1 hat {SInv}
rElec    .         Harm     .   O - +2 cloak
rCorr    .         Rampage  .   l - +0 pair of gloves
Will     ++...                  s - +1 pair of boots
Stlth    ..........             I - amulet of the acrobat
HPRegen  0.00/turn              b - +4 ring of protection
MPRegen  0.14/turn              i - ring of poison resistance

@: acrobatic, studying Spellcasting
A: damage resistance, heal wounds, negative energy resistance 1, sense
surroundings 2, no regeneration
a: Heal Wounds, Renounce Religion, Minor Destruction, Lesser Servant of Makhleb,
Major Destruction, Greater Servant of Makhleb


You were on level 4 of the Spider Nest.
You worshipped Makhleb.
Makhleb was extremely pleased with you.
You visited 5 branches of the dungeon, and saw 28 of its levels.
You also visited: Sewer and Ossuary.

You collected 4084 gold pieces.
You spent 723 gold pieces at shops.

Inventory:

Hand Weapons
 a - a +1 hand crossbow
 g - a +1 demon blade of draining
 u - the +11 plutonium sword (weapon) {Contam Stlth-}
   (You acquired it on level 12 of the Dungeon)

   It causes magical contamination when unequipped.
   It makes you less stealthy.
 A - a +4 scimitar of flaming
Missiles
 d - 87 bolts
 D - 21 javelins
 G - a curare-tipped dart (quivered)
Armour
 l - a +0 pair of gloves (worn)
 m - a +1 hat of see invisible (worn)
 s - a +1 pair of boots (worn)
 x - a +0 buckler of reflection
 M - a +2 chain mail of cold resistance (worn)
 O - a +2 cloak (worn)
Jewellery
 b - a +4 ring of protection (left hand)
 i - a ring of poison resistance (right hand)
 I - an amulet of the acrobat (around neck)
 J - an amulet of reflection
 K - a ring of ice
Wands
 n - a wand of flame (10)
 r - a wand of paralysis (5)
 w - a wand of digging (7)
Scrolls
 f - 4 scrolls of amnesia
 h - 5 scrolls of identify
 v - a scroll of holy word
 y - 5 scrolls of blinking
 B - 2 scrolls of fog
 E - 2 scrolls of magic mapping
 F - 10 scrolls of teleportation
 H - a scroll of enchant armour
 S - 8 scrolls of fear
Potions
 c - 5 potions of berserk rage
 e - 10 potions of curing
 j - 3 potions of attraction
 k - 7 potions of flight
 o - 2 potions of might
 p - 2 potions of invisibility
 q - 3 potions of cancellation
 t - 6 potions of haste
 z - 2 potions of brilliance
 C - 2 potions of resistance
 L - a potion of magic
 N - 8 potions of heal wounds
 P - a potion of mutation


   Skills:
 + Level 13.9 Fighting
 + Level 14.1 Long Blades
 - Level 5.5 Crossbows
 + Level 15.8 Armour
 - Level 3.2 Dodging
 - Level 1.2 Stealth
 - Level 4.0 Shields
 + Level 14.6 Invocations
 - Level 12.2 Evocations


You had 12 spell levels left.
You knew the following spells:

 Your Spells              Type           Power      Damage    Failure   Level
a - Vampiric Draining     Necr           0%         2d6       99%         3

Your spell library contained the following spells:

 Spells                   Type           Power      Damage    Failure   Level
 Animate Skeleton         Necr           0%         N/A       83%         1
 Apportation              Tloc           0%         N/A       83%         1
 Beastly Appendage        Tmut           0%         N/A       83%         1
 Corona                   Hex            0%         N/A       83%         1
 Foxfire                  Conj/Fire      0%         2x1d4     83%         1
 Pain                     Necr           0%         1d4       83%         1
 Summon Small Mammal      Summ           0%         N/A       83%         1
 Call Imp                 Summ           0%         N/A       92%         2
 Ensorcelled Hibernation  Hex/Ice        0%         N/A       92%         2
 Poisonous Vapours        Pois/Air       0%         N/A       92%         2
 Wereblood                Tmut           0%         N/A       92%         2
 Call Canine Familiar     Summ           0%         N/A       99%         3
 Confusing Touch          Hex            0%         N/A       99%         3
 Conjure Flame            Conj/Fire      0%         6-21      99%         3
 Dazzling Flash           Conj/Hex       0%         N/A       99%         3
 Inner Flame              Hex/Fire       0%         N/A       99%         3
 Mephitic Cloud           Conj/Pois/Air  0%         N/A       99%         3
 Spider Form              Tmut/Pois      0%         N/A       99%         3
 Summon Guardian Golem    Hex/Summ       0%         N/A       99%         3
 Tukima's Dance           Hex            0%         N/A       99%         3
 Animate Dead             Necr           0%         N/A       100%        4
 Ice Form                 Ice/Tmut       0%         N/A       100%        4
 Sticky Flame             Conj/Fire      0%         2d3       100%        4
 Summon Ice Beast         Ice/Summ       0%         N/A       100%        4
 Summon Lightning Spire   Summ/Air       0%         N/A       100%        4
 Agony                    Necr           0%         N/A       100%        5
 Bolt of Magma            Conj/Fire/Erth 0%         4d4       100%        5
 Fireball                 Conj/Fire      0%         3d3       100%        5
 Hydra Form               Tmut           0%         N/A       100%        5
 Iskenderun's Battlesphe  Conj           0%         2d6       100%        5
 Freezing Cloud           Conj/Ice/Air   0%         6-21      100%        6
 Iron Shot                Conj/Erth      0%         9d1       100%        6
 Orb of Destruction       Conj           0%         N/A       100%        7
 Spellforged Servitor     Conj/Summ      0%         N/A       100%        7


Dungeon Overview and Level Annotations

Branches:
Dungeon (15/15)            Temple (1/1) D:6            Lair (6/6) D:9
 Shoals (0/4) Lair:3       Spider (4/4) Lair:4        Slime (0/5) Lair:5
    Orc (2/2) D:12            Elf (0/3) Orc:2        Vaults (0/5) D:13
 Depths (0/5) D:15          Sewer (visited)         Ossuary (visited)

Altars:
Ashenzari
Cheibriados
Dithmenos
Elyvilon
Fedhas
Gozag
Hepliaklqana
Kikubaaqudgha
Makhleb
Nemelex Xobeh
Okawaru
Qazlal
Ru
Sif Muna
Trog
Uskayaw
Vehumet
Wu Jian
Xom
Yredelemnul
Zin
The Shining One
Beogh

Shops:
D:1 *   D:2 :   D:5 [   D:7 ?   D:10 :   D:11 [   Orc:2 =[?[

Annotations:
D:3 Grinder
Spider:2 1 runed translucent door, Gorglomux's ghost, adept HODe
Spider:4 2 transporters, 2 exclusions, Byruo's ghost, adept SpFi; Nikola


Innate Abilities, Weirdness & Mutations

You are resistant to damage.
You can heal yourself by infusing magical energy.
You resist negative energy. (rN+)
You passively map the area around you.
You do not regenerate.


Message History

Your magical essence is drained by the effort!
You feel much better.
Your balrug gestures at Nikola.
Nikola is smitten.
Your magical essence is drained by the effort!
You feel much better.
Nikola hits your balrug with a +1 rapier of electrocution!
Your balrug gestures at Nikola.
The sticky flame hits Nikola!
Nikola is covered in liquid flames!
Nikola burns!
Nikola hits your balrug with a +1 rapier of electrocution!
Your balrug hits Nikola with a +0 demon whip!!
Nikola is engulfed in flames!!
Nikola burns!
Nikola casts a spell.
You hear a mighty clap of thunder!
The lightning arc hits your balrug!!
The lightning arc hits Nikola!
The lightning arc hits your balrug!!!
The lightning arc hits Nikola.
The lightning arc hits your balrug!!
Your balrug dies!
The lightning arc hits Nikola.
Nikola shouts!
Throw: 2 darts (curare)
Press: ? - help, Q - select action, (/) - cycle Shift-Dir - straight line, f/p - Nikola
Aim: Nikola, wielding a +1 rapier of electrocution, wearing a +0 cloak and wearing a +2 pair of gloves (heavily wounded, covered in liquid flames, 84% to hit)
You throw a curare-tipped dart. The curare-tipped dart hits Nikola.
Nikola is poisoned.
Nikola convulses.
Nikola seems to slow down.
Nikola is heavily wounded.
Nikola burns!
Nikola casts a spell.
Nikola blinks!
Nikola burns!
Nikola casts a spell.
You hear a mighty clap of thunder!
The lightning arc hits you!!
The lightning arc hits Nikola.
The lightning arc hits you!!
* * * LOW HITPOINT WARNING * * *
The lightning arc hits Nikola.
The lightning arc hits you!!
You die...

,,,,*,..^##**
,,***,^.....*
,,,***....@^####
,,,,,,.........#
***^,,*#^....(.##
,,*^,,*#.....#..#
,,**,,,##....#^.###
^,,**^**##...#...@#
#...###..#..##^.@.#
#........####....^#
#.....^..,#.....###
#......####...###
#......#...^###
.......#...##
.......#...#
......###..#
.#..^.#...##


You could see Nikola (burning, very poisoned, slow).

Vanquished Creatures
  Arachne (Spider:3)
  Gastronok (Lair:1)
  Louise (Spider:3)
  An orc warlord (Orc:1)
  A spark wasp (Spider:2)
  6 hydras
  5 boulder beetles
  A rakshasa (D:14)
  An ogre mage (Orc:2)
  6 two-headed ogres
  Erica (Lair:1)
  2 dancing weapons (D:13)
  A death knight (D:12)
  5 centaur warriors
  A catoblepas (Lair:6)
  7 death yaks
  3 tengu warriors
  Urug (Lair:1)
  3 skeletal warriors
  A sixfirhy (D:10)
  10 orb spiders
  2 deep elf pyromancers
  2 orc knights (Orc:2)
  6 cyclopes
  4 orc sorcerers
  An oklob plant (Lair:4)
  15 wolf spiders
  13 elephants
  A salamander (shapeshifter) (D:14)
  4 ugly things
  A manticore (D:15)
  An apocalypse crab (Spider:3)
  An eye of devastation (Lair:5)
  6 black mambas
  23 cane toads
  A rime drake (Lair:1)
  A kobold demonologist (D:11)
  An unseen horror (D:12)
  A freezing wraith (D:12)
  3 demonic crawlers
  16 komodo dragons
  A tengu conjurer (D:14)
  19 jumping spiders
  7 trolls
  3 meliai
  5 tyrant leeches (Lair:6)
  3 polar bears
  36 blink frogs
  5 hornets
  A snapping turtle (Lair:3)
  A slime creature (D:8)
  A raiju (shapeshifter) (Spider:2)
  Sigmund (D:4)
  17 tarantellas
  5 wraiths
  68 redbacks
  A centaur simulacrum (D:10)
  6 spriggans (Lair:5)
  22 yaks
  2 vampires
  A water elemental (D:13)
  5 basilisks
  7 wyverns
  A steam dragon (D:8)
  20 vampire mosquitoes
  4 wargs
  A water moccasin (shapeshifter) (D:14)
  A hell hound (Spider:1)
  15 water moccasins
  An acid dragon (D:10)
  A floating eye (Lair:5)
  Purgy (Sewer)
  5 black bears
  9 orc warriors
  2 sky beasts (D:8)
  11 ogres
  13 wolves
  5 centaurs
  A kobold brigand (D:7)
  3 gnoll sergeants (D:7)
  22 bullfrogs
  Blork the orc (D:4)
  4 water moccasin zombies (Ossuary)
  6 scorpions
  2 water moccasin skeletons
  17 killer bees
  5 electric eels
  5 wights (D:8)
  3 howler monkeys
  6 centaur zombies
  A bullfrog zombie (D:6)
  8 hounds
  2 centaur skeletons
  13 orc priests
  Crazy Yiuf (D:6)
  2 jellies
  2 iguanas
  Natasha (thrice) (D:3)
  14 orc wizards
  3 hell rats (Lair:4)
  A killer bee zombie (D:8)
  2 mummies (Ossuary)
  17 gnolls
  A howler monkey skeleton (D:4)
  5 adders
  2 river rats (Lair:4)
  A shadow imp (D:10)
  9 adder zombies (Ossuary)
  An adder skeleton (D:5)
  A worm (D:2)
  2 dart slugs
  48 orcs
  4 ball pythons
  6 bats
  8 endoplasms
  6 giant cockroaches
  6 gnoll zombies (Ossuary)
  7 goblins
  5 hobgoblins
  22 jackals
  8 quokkas
  6 frilled lizards
  5 hobgoblin zombies (Ossuary)
  17 kobolds
  6 kobold zombies (Ossuary)
  An orc zombie (Ossuary)
  8 rats
798 creatures vanquished.

Vanquished Creatures (collateral kills)
  Asterion (Spider:3)
  An emperor scorpion (Spider:3)
  An entropy weaver (Spider:3)
  Erolcha (Orc:2)
  A boulder beetle (Spider:3)
  Nergalle (Orc:2)
  5 orc sorcerers (Orc:2)
  2 orb spiders (Spider:3)
  A wolf spider (Spider:3)
  A jumping spider (Spider:2)
  5 redbacks (Spider:3)
  A tarantella (Spider:3)
  2 ogres (Orc:2)
  11 orc wizards (Orc:2)
  11 orcs
45 creatures vanquished.

Vanquished Creatures (others)
  2 orc warriors
  An orc (D:4)
  A bush (Lair:6)
  48 fungi
  132 plants
184 creatures vanquished.

Grand Total: 1027 creatures vanquished

Notes
Turn   | Place    | Note
-------+----------+-------------------------------------------
     0 | D:1      | Mesmaeker13 the Deep Dwarf Hunter began the quest for the
                  | Orb.
     0 | D:1      | Reached XP level 1. HP: 19/19 MP: 1/1
   288 | D:1      | Reached XP level 2. HP: 26/26 MP: 2/2
   531 | D:1      | Found Astrom's Assorted Antiques.
   643 | D:1      | Reached XP level 3. HP: 30/32 MP: 3/3
  1330 | D:2      | Reached skill level 1 in Long Blades
  1342 | D:2      | Reached XP level 4. HP: 40/40 MP: 4/4
  1358 | D:2      | Found a faded altar of an unknown god.
  1366 | D:2      | Reached skill level 5 in Crossbows
  1783 | D:2      | Found Unuemeas's Book Shop.
  1803 | D:2      | You fall into a shaft and drop 1 floor!
  1870 | D:3      | Reached skill level 1 in Armour
  2249 | D:3      | Noticed Grinder
  2428 | D:4      | Reached XP level 5. HP: 29/49 MP: 5/5
  2456 | D:4      | Found a glowing drain.
  2478 | Sewer    | Entered a sewer
  2554 | Sewer    | Noticed Purgy
  2596 | Sewer    | Killed Purgy
  2597 | Sewer    | Reached skill level 2 in Armour
  2597 | Sewer    | Reached XP level 6. HP: 27/56 MP: 6/6
  2810 | D:4      | Noticed Blork the orc
  2828 | D:4      | Killed Blork the orc
  2829 | D:4      | Reached skill level 1 in Evocations
  3006 | D:4      | Found a hide-covered altar of Uskayaw.
  3006 | D:4      | Noticed a +0 falchion
  3006 | D:4      | Noticed a +0 spear
  3006 | D:4      | Noticed a +0 spear
  3095 | D:5      | Entered Level 5 of the Dungeon
  3111 | D:5      | Reached skill level 3 in Armour
  3111 | D:5      | Reached XP level 7. HP: 27/63 MP: 7/7
  3261 | D:5      | Found a snail-covered altar of Cheibriados.
  3461 | D:4      | Noticed Sigmund
  3462 | D:4      | Noticed a +0 short sword
  3474 | D:4      | Killed Sigmund
  3475 | D:4      | Reached skill level 4 in Armour
  3483 | D:4      | Noticed a +0 dagger
  3483 | D:4      | Noticed a +0 falchion
  3490 | D:4      | Noticed a +0 dagger
  3494 | D:4      | Noticed a +0 short sword
  3653 | D:3      | Noticed Natasha
  3669 | D:3      | Killed Natasha
  3670 | D:3      | Reached XP level 8. HP: 40/73 MP: 8/8
  4181 | D:3      | Noticed Natasha
  4204 | D:3      | Killed Natasha
  4231 | D:3      | Noticed Natasha
  4241 | D:3      | Killed Natasha
  4730 | D:5      | Found a hazy altar of Hepliaklqana.
  4780 | D:5      | Found Beumoehi's Antique Armour Shoppe.
  4789 | D:5      | Bought a smelly scale mail for 189 gold pieces
  4789 | D:5      | Identified the +0 scale mail "Tuklaja" {Int+3} (You bought
                  | it in a shop on level 5 of the Dungeon)
  4869 | D:5      | Reached skill level 5 in Evocations
  4897 | D:5      | Reached skill level 5 in Fighting
  4926 | D:5      | Found an ornate altar of the Wu Jian Council.
  5251 | D:6      | Found a sand-covered staircase.
  5256 | Ossuary  | Entered an ossuary
  5352 | Ossuary  | Reached skill level 5 in Armour
  5386 | Ossuary  | Reached skill level 5 in Long Blades
  5863 | D:7      | Gained mutation: You passively map the area around you.
                  | [Deep Dwarf growth]
  5863 | D:7      | Reached XP level 9. HP: 44/81 MP: 9/9
  5885 | D:7      | Found Ykoimy's Magic Scroll Shoppe.
  5996 | D:7      | Found a radiant altar of Vehumet.
  6063 | D:7      | Reached skill level 6 in Armour
  6680 | D:7      | Found an opulent altar of Gozag.
  7505 | D:8      | Reached skill level 7 in Armour
  7841 | D:8      | Reached XP level 10. HP: 50/92 MP: 9/9
  7879 | D:8      | Reached skill level 1 in Shields
  8345 | D:6      | Found a runed translucent door.
  8346 | D:6      | Noticed Crazy Yiuf
  8351 | D:6      | Killed Crazy Yiuf
  8492 | D:6      | Found a staircase to the Ecumenical Temple.
  8498 | Temple   | Entered the Ecumenical Temple
  9350 | D:9      | Found a staircase to the Lair.
  9392 | D:9      | Noticed an elephant
  9417 | D:9      | Killed an elephant
  9418 | D:9      | Reached skill level 8 in Armour
  9584 | D:9      | Found an ancient bone altar of Kikubaaqudgha.
  9585 | D:9      | Found a blossoming altar of Fedhas.
  9677 | D:9      | Noticed a two-headed ogre
  9688 | D:9      | Killed a two-headed ogre
  9694 | D:9      | Found a broken altar of Ashenzari.
  9902 | D:10     | Entered Level 10 of the Dungeon
  9996 | D:10     | Reached XP level 11. HP: 86/103 MP: 9/9
 10123 | D:10     | Reached skill level 10 in Evocations
 10219 | D:10     | Found Ucesuwaytz's Book Shoppe.
 10243 | D:10     | Reached skill level 9 in Armour
 10411 | D:10     | Found a runed translucent door.
 10415 | D:10     | Found a burning altar of Makhleb.
 10415 | D:10     | Noticed a sixfirhy
 10432 | D:10     | Killed a sixfirhy
 10437 | D:10     | Became a worshipper of Makhleb the Destroyer
 10510 | D:10     | Found a sacrificial altar of Ru.
 10510 | D:10     | Found a basalt altar of Yredelemnul.
 10628 | D:10     | Found a shadowy altar of Dithmenos.
 10746 | Lair:1   | Entered Level 1 of the Lair of Beasts
 11224 | Lair:1   | Noticed Urug
 11245 | Lair:1   | Killed Urug
 11314 | Lair:1   | Noticed Gastronok
 11382 | Lair:1   | Killed Gastronok
 11383 | Lair:1   | Reached skill level 10 in Armour
 11546 | Lair:1   | Reached XP level 12. HP: 107/114 MP: 10/10
 11551 | Lair:1   | Reached * piety under Makhleb
 12301 | Lair:2   | Noticed Erica
 12405 | Lair:1   | Killed Erica
 12406 | Lair:1   | Reached skill level 10 in Long Blades
 13147 | Lair:3   | Reached skill level 1 in Invocations
 13255 | Lair:3   | Reached skill level 11 in Armour
 13308 | Lair:3   | Noticed a seven-headed hydra
 13323 | Lair:3   | Killed a two-headed hydra
 13625 | Lair:3   | Reached ** piety under Makhleb
 13626 | Lair:3   | Reached skill level 10 in Fighting
 13726 | Lair:3   | Noticed a six-headed hydra
 13733 | Lair:3   | Killed a two-headed hydra
 13953 | Lair:3   | Found a staircase to the Shoals.
 14317 | Lair:4   | Noticed a five-headed hydra
 14334 | Lair:4   | Killed a two-headed hydra
 14588 | Lair:4   | Reached skill level 5 in Invocations
 14694 | Lair:4   | Reached XP level 13. HP: 124/124 MP: 14/14
 14782 | Lair:4   | Found a hole to the Spider Nest.
 15202 | Lair:4   | Reached *** piety under Makhleb
 15409 | Lair:4   | Reached skill level 12 in Armour
 15715 | Lair:5   | Found a staircase to the Slime Pits.
 15908 | Lair:5   | You fall into a shaft and drop 1 floor!
 15908 | Lair:6   | Entered Level 6 of the Lair of Beasts
 16145 | Lair:6   | Reached **** piety under Makhleb
 17204 | Lair:6   | Gained mutation: You resist negative energy. (rN+) [Deep
                  | Dwarf growth]
 17204 | Lair:6   | Reached XP level 14. HP: 135/135 MP: 18/18
 17405 | Lair:6   | Reached skill level 13 in Armour
 17504 | Lair:6   | Reached ***** piety under Makhleb
 17934 | Lair:6   | Reached skill level 10 in Invocations
 17943 | Lair:6   | Identified the +8 battleaxe of Huririze {protect, rN+}
 18874 | D:11     | Found Tug Vot's Antique Armour Boutique.
 19839 | D:12     | Identified 2 scrolls of acquirement
 19856 | D:12     | Acquired the +11 plutonium sword {Contam Stlth-}
 19857 | D:12     | Found the +11 plutonium sword {Contam Stlth-}
 19861 | D:12     | Acquired 1148 gold pieces
 20229 | D:12     | Found a staircase to the Orcish Mines.
 20774 | Orc:1    | Entered Level 1 of the Orcish Mines
 20983 | Orc:1    | Noticed an orc warlord
 21012 | Orc:1    | Killed an orc warlord
 21351 | Orc:2    | Entered Level 2 of the Orcish Mines
 21578 | Orc:2    | Reached skill level 14 in Armour
 21746 | Orc:2    | Found a staircase to the Elven Halls.
 21873 | Orc:2    | Paralysed by an orc sorcerer for 7 turns
 21901 | Orc:2    | Found Rioned's Magic Scroll Emporium.
 21915 | Orc:2    | Found a radiant altar of Vehumet.
 21915 | Orc:2    | Noticed Erolcha
 21922 | Orc:2    | Killed Erolcha
 21923 | Orc:2    | Reached XP level 15. HP: 107/146 MP: 20/20
 21948 | Orc:2    | Noticed Nergalle
 21954 | Orc:2    | Killed Nergalle
 21963 | Orc:2    | Found Ulottad's Antique Armour Shoppe.
 21963 | Orc:2    | Found Umikurorgh's Jewellery Emporium.
 21972 | Orc:2    | Found Gupegiez's Antique Armour Shoppe.
 21993 | Orc:2    | Found an ancient bone altar of Kikubaaqudgha.
 22179 | Orc:2    | Bought a scroll of enchant weapon for 127 gold pieces
 22179 | Orc:2    | Bought a scroll of enchant armour for 127 gold pieces
 22621 | D:13     | Found a gate to the Vaults.
 23547 | Orc:2    | Bought a ring of poison resistance for 280 gold pieces
 24302 | D:15     | Entered Level 15 of the Dungeon
 25113 | Spider:1 | Entered Level 1 of the Spider Nest
 25199 | Spider:1 | Reached ****** piety under Makhleb
 26909 | Spider:2 | Reached skill level 15 in Armour
 27258 | Spider:2 | Reached XP level 16. HP: 111/157 MP: 19/19
 27470 | Spider:2 | Found a runed translucent door.
 27494 | Spider:2 | Found a shimmering altar of Xom.
 27494 | Spider:2 | Noticed Gorglomux's ghost (adept HODe)
 27815 | Spider:3 | Noticed Louise
 27882 | Spider:3 | Noticed Asterion
 27893 | Spider:3 | Killed Asterion
 27933 | Spider:3 | Learned a level 3 spell: Vampiric Draining
 28037 | Spider:3 | Noticed Arachne
 28046 | Spider:3 | Killed Arachne
 28284 | Spider:3 | Killed Louise
 28908 | Spider:4 | Entered Level 4 of the Spider Nest
 29095 | Spider:4 | Found a transporter.
 29095 | Spider:4 | Noticed Byruo's ghost (adept SpFi)
 29098 | Spider:4 | Found a transporter.
 29365 | Spider:4 | Noticed Nikola
 29382 | Spider:4 | Killed from afar by Nikola

Illustrated notes

Levels and vault maps discovered:
D:1:      dpeg_arrival_stone_temple_mockup, layout_basic, serial_shops, shop,
          wad_floor_pattern_1, minmay_cupped
D:2:      layout_basic, hellmonk_ecumenical_altar_arch_garden, serial_shops,
          nicolae_shop_crystal, st_stairs_2
D:3:      minmay_skewed_foursquare, layout_loops_corners, uniq_natasha,
          uniq_grinder
D:4:      layout_loops_ring, nicolae_uskayaw_en_pointe, gup_sewer_entry_pipe,
          chequers_serial_rivers_marsh, kennysheep_crisscross,
          uniq_blork_the_orc, uniq_sigmund
D:5:      layout_loops_corners, general_overflow_altar, marbit_many_paths,
          overflow_temple_1_default, serial_shops, shop_statue
D:6:      layout_loops_cross, minmay_temple_entry_fiery,
          nicolae_ossuary_entry_plus, uniq_crazy_yiuf_cottage
D:7:      layout_cave_pools, nicolae_overflow_crystal_walls,
          grunt_gozag_breadcrumbs, serial_gnoll_camp, gnoll_camp_mini_doghouse,
          gnoll_camp_mini_hut, gnoll_camp_mini_loothouse, gnoll_camp_mini_house,
          gnoll_camp_mini_hut, serial_shops, nicolae_shop_stone,
          serial_bayou_lagoon_a
D:8:      minmay_chambers_of_fours, layout_cave_pools, chequers_mini_garden,
          david_defended_altar_orc
D:9:      layout_basic, grunt_temple_overflow_growth_and_decay,
          evilmike_ruin_ashenzari, david_lair_generic
D:10:     layout_roguey, grunt_dithmenos_shadows,
          gammafunk_temple_overflow_elements, nzn_makhleb_speed_demon,
          serial_shops, nicolae_shop_waterfront
D:11:     layout_cave_pods, serial_shops, shop_statue
D:12:     layout_small_grid, orc_0_dummy
D:13:     layout_basic, erik_vaults_1
D:14:     layout_gridville, serial_bayou_pond_e
D:15:     grunt_enter_depths_magical_seal, layout_rooms, gammafunk_ghost_hive
Temple:   compressed_dpeg_triangle_lava_temple
Lair:1:   layout_gridlike, minivault_19, grunt_megastairs_5, uniq_urug,
          uniq_gastronok
Lair:2:   layout_regular_city, enter_volcano_2, uniq_erica
Lair:3:   layout_cave_pods, minmay_shoals_entry_hut
Lair:4:   layout_gridlike, nicolae_spider_entry_non_spiders,
          kennysheep_abandoned_house, serial_bayou_shore_a, serial_bayou_shore_b
Lair:5:   layout_small_grid, minmay_slime_entry_eyes,
          chequers_serial_rivers_small_b, wad_woods_01
Lair:6:   minmay_lair_end_frog_pond, layout_loops_ring
Spider:1: layout_chambers
Spider:2: layout_spider_delve, ebering_ghost_xom,
          nicolae_spider_baby_got_redback
Spider:3: layout_spider_delve, nicolae_spider_cling_halls, uniq_louise,
          uniq_asterion, uniq_arachne
Spider:4: grunt_spider_rune_parallel, gammafunk_ghost_arena, uniq_nikola
Orc:1:    layout_caves
Orc:2:    kennysheep_orc_mage_school, layout_diamond_mine

Skill      XL: |  1  2  3  4  5  6  7  8  9 10 11 12 13 14 15 16 |
---------------+-------------------------------------------------+-----
Fighting       | 2 3 4 5 6 7 9 10 11 12 13 | 13.9
Dodging        | 3 |  3.2
Long Blades    | 1 2 3 4 5 6 8 9 10 12 13 14 | 14.1
Crossbows      | 5 |  5.5
Armour         | 1 2 3 4 5 7 8 10 11 12 14 15 | 15.8
Evocations     | 2 4 6 8 9 11 12 | 12.2
Shields        | 4 |  4.0
Invocations    | 5 9 11 13 14 | 14.6
Stealth        | |  1.2

Action                   |  1- 3 |  4- 6 |  7- 9 | 10-12 | 13-15 | 16-18 || total
-------------------------+-------+-------+-------+-------+-------+-------++-------
Melee: Long sword        |    45 |   151 |   492 |  1007 |  1323 |       ||  3018
       Spear             |       |    21 |    29 |       |       |       ||    50
       Scimitar          |       |       |       |    31 |   447 |       ||   478
       Triple sword      |       |       |       |       |   183 |   197 ||   380
 Fire: Hand crossbow     |    57 |    15 |    82 |    67 |    72 |       ||   293
Throw: Throwing net      |       |     1 |       |       |       |       ||     1
       Javelin           |       |       |       |       |     6 |       ||     6
       Dart              |       |       |       |       |     1 |    15 ||    16
Invok: Major Destruction |       |       |       |       |    18 |     5 ||    23
       Lesser Servant of |       |       |       |       |     4 |     1 ||     5
       Greater Servant o |       |       |       |       |     1 |     4 ||     5
 Abil: Heal Wounds       |       |     2 |     5 |     3 |    24 |    10 ||    44
Evoke: Wand              |       |    13 |       |    12 |    57 |     1 ||    83
  Use: Scroll            |       |     3 |     6 |     8 |    16 |     1 ||    34
       Potion            |       |     1 |     1 |     3 |     7 |     2 ||    14
 Stab: Sleeping          |     1 |     2 |       |       |       |       ||     3
       Held in net/web   |       |     1 |       |       |       |       ||     1
       Invisible         |       |       |     1 |       |       |       ||     1
       Paralysed         |       |       |       |    43 |    47 |       ||    90
       Distracted        |       |       |       |       |     2 |     2 ||     4
Armor: Leather armour    |    15 |    33 |       |       |       |       ||    48
       Chain mail        |       |    41 |    69 |   227 |  1056 |   225 ||  1618
       Troll leather arm |       |    22 |       |       |       |       ||    22
       Ring mail         |       |       |   276 |    24 |       |       ||   300
       Plate armour      |       |       |       |   328 |       |       ||   328
Dodge: Dodged            |    60 |   127 |   366 |   425 |   776 |   135 ||  1889
Block: Buckler           |       |       |       |   214 |   405 |       ||   619
       Reflection        |       |       |       |       |    10 |       ||    10
       Rpst.: Long sword |     9 |    27 |    88 |   127 |   137 |       ||   388
       Scimitar          |       |       |       |     2 |    24 |       ||    26
       Triple sword      |       |       |       |       |    35 |    24 ||    59

Table legend: (Time is in decaauts)
 A = Elapsed time spent in this place.
 B = Non-inter-level travel time spent in this place.
 C = Inter-level travel time spent in this place.
 D = Time resting spent in this place.
 E = Time spent auto-exploring this place.
 F = Levels seen in this place.
 G = Mean time per level.
                   A        B        C        D        E       F      G
               +--------+--------+--------+--------+--------+-----+--------+
         Total |  29438 |  27064 |   2374 |   1493 |  15349 |  30 |  981.3 |
       Dungeon |  14920 |  13299 |   1621 |    843 |   8173 |  15 |  994.7 |
        Temple |    144 |    134 |     10 |      0 |     96 |   1 |  144.0 |
          Lair |   7696 |   7313 |    383 |    508 |   4103 |   6 | 1282.7 |
   Spider Nest |   4355 |   4226 |    129 |    137 |   2101 |   4 | 1088.8 |
  Orcish Mines |   1851 |   1620 |    231 |      4 |    874 |   2 |  925.5 |
         Sewer |    205 |    205 |      0 |      0 |      0 |   1 |  205.0 |
       Ossuary |    263 |    263 |      0 |      0 |      1 |   1 |  263.0 |
               +--------+--------+--------+--------+--------+-----+--------+

Top non-repeatable levels by time:
  Lair:6: 1614 daAuts
  Lair:4: 1414 daAuts
Spider:1: 1411 daAuts
Spider:2: 1389 daAuts
  Lair:1: 1360 daAuts
     D:7: 1353 daAuts
  Lair:3: 1240 daAuts
   Orc:2: 1225 daAuts
    D:12: 1211 daAuts
     D:5: 1208 daAuts
     D:2: 1201 daAuts
  Lair:2: 1073 daAuts
Spider:3: 1062 daAuts
     D:4: 1050 daAuts
     D:3: 1031 daAuts
